Cogmind - Beta 14 @@@ ROGUE MODE // 2024.10.16 @ 11:11:54 Player: Ae Result: Destroyed by U6-RUG(R) with Subdweller Machine Gun Performance ------------- Evolutions (0) 0 Regions Visited (2) 400 Robots Destroyed (31) 155 Value Destroyed (407) 407 Prototype IDs (0) 0 Alien Tech Used (0) 0 Bonus (2) 2 TOTAL SCORE: 964 Bonus ------- High Alert Combat Kills 2 Cogmind --------- Core Integrity 0/250 Matter 77/300 Energy 100/100 System Corruption 0% Temperature Cool (0) Movement Rolling (95) Ox1 Location -10/Subcaves Parts ------- > --- POWER (1) -------- (None) > --- PROPULSION (2) --- Wheel > --- UTILITY (2) ------ Large Storage Unit > --- WEAPON (2) ------- (None) > --- INVENTORY (15) --- Light Treads Light Treads Aluminum Leg High-capacity Matter Pod (0) Structural Scanner Improved Terrain Scanner Seismic Detector Beam Cannon Beam Cannon Assault Rifle Light Assault Rifle Mining Laser Peak State ------------ > --- POWER ------------ Ion Engine > --- PROPULSION ------- Aluminum Leg Aluminum Leg > --- UTILITY ---------- Small Storage Unit Improved Terrain Scanner > --- WEAPON ----------- Assault Rifle Assault Rifle > --- INVENTORY -------- Ion Engine Light Treads Light Treads Wheel Compact Wheel Seismic Detector Light Assault Rifle [Rating: 9] Favorites ----------- Power Light Ion Engine Engine Light Ion Engine Propulsion Aluminum Leg Leg Aluminum Leg Wheel Wheel Utility Seismic Detector Device Seismic Detector Storage Large Storage Unit Protection Light Armor Plating Weapon Assault Rifle Ballistic Gun Assault Rifle Launcher Grenade Launcher Special Weapon Mining Laser Build | -11 -10 -10 ------- Run | Yrd Mat Sub Slots Evolved . | . . . Power . | . . . Propulsion . | . . . Utility . | . . . Weapon . | . . . Parts Attached 27 | 6 16 5 Power 3 | 1 1 1 Engine 3 | 1 1 1 Core . | . . . Reactor . | . . . Propulsion 6 | 2 3 1 Treads . | . . . Leg 5 | 2 3 . Wheel 1 | . . 1 Hover . | . . . Flight . | . . . Utility 5 | 1 3 1 Device 2 | . 2 . Storage 2 | 1 1 . Processor . | . . . Hackware . | . . . Protection 1 | . . 1 Artifact . | . . . Weapon 13 | 2 9 2 Energy Gun . | . . . Energy Cannon . | . . . Ballistic Gun 8 | 2 5 1 Ballistic Cannon . | . . . Launcher 4 | . 3 1 Special Weapon 1 | . 1 . Impact Weapon . | . . . Slashing Weapon . | . . . Piercing Weapon . | . . . Special Melee Weapon . | . . . Unidentified Prototypes . | . . . Parts Lost 6 | . . 6 Power 2 | . . 2 Propulsion 1 | . . 1 Utility 1 | . . 1 Weapon 2 | . . 2 Highest Loss Streak 4 | . . 4 To Critical Strikes . | . . . Average Slot Usage (%) 95 | . 99 63 Engine 13 | . 14 6 Leg 26 | . 27 19 Device 12 | . 13 1 Storage 14 | . 14 14 Ballistic Gun 23 | . 25 8 Launcher 1 | . 1 4 Peak Build Rating 9 | 7 9 8 Average Rating 7 | 6 7 5 On Entrance 5 | . 7 8 Naked Turns . | . . . Heaviest Build 31 | 14 29 31 Greatest Support 20 | 20 20 20 Greatest Overweight (x) 8 | . 8 2 Average Overweight (x) . | . . 1 Largest Inventory Capacity 15 | 8 15 15 Average Capacity 11 | 7 12 15 Most Carried 13 | 8 13 13 Average Carried 9 | 5 9 12 Final Capacity 15 | 8 15 15 Final Carried 13 | 8 13 12 Class Distribution -------------------- 100% | Mutant Dominant Class ---------------- Mutant | -10/Materials Mutant | -10/Subcaves Resources | -11 -10 -10 ----------- Run | Yrd Mat Sub Matter Collected 807 | 368 439 . Remotely . | . . . Salvage Created 688 | 204 477 7 Parts 45 | 12 33 . Haulers Intercepted . | . . . Recyclers Shooed 2 | . 2 . Parts Field Recycled . | . . . Retrieved Matter . | . . . Parts Self-Destructed . | . . . Prevented . | . . . Kills | -11 -10 -10 ------- Run | Yrd Mat Sub Combat Hostiles Destroyed 14 | . 12 2 Melee 1 | . . 1 Guns 6 | . 6 . AOE 7 | . 6 1 Classes Destroyed 8 | 3 4 1 Worker 4 | 1 3 . Builder 5 | . 5 . Tunneler 5 | 4 1 . Recycler 2 | 1 1 . Watcher 1 | . 1 . Swarmer 9 | . 9 . Grunt 3 | . 3 . Subdweller 2 | . . 2 Best Kill Streak 4 | 3 4 1 Combat Bots Only 3 | . 3 1 Max Kills in Single Turn 2 | 1 2 1 Gunslinging . | . . . Exploded 2 | . 2 1 Melee 1 | . . 1 Uniques/NPCs Destroyed . | . . . Combat | -11 -10 -10 -------- Run | Yrd Mat Sub Hostile Shots Fired 88 | . 39 49 Missed 28 | . 14 14 Damage Taken 960 | . 241 719 Core 255 | . 57 198 Absorbed by Shields . | . . . Core Remaining (%) 100 | 100 . . Volleys Fired 113 | 18 88 7 Largest 2 | 2 2 1 Hottest 100 | 40 100 30 Shots Fired 182 | 36 139 7 Gun 145 | 36 109 . Cannon . | . . . Launcher 22 | . 15 7 Special 15 | . 15 . Kinetic 145 | 36 109 . Thermal 15 | . 15 . Explosive 22 | . 15 7 Electromagnetic . | . . . Robot Hit Streak 7 | 5 7 4 Robot Miss Streak 4 | 2 4 . Penetration Max . | . . . Secondary Targets . | . . . Shots Hit Robots 84 | 16 65 3 Core Hits 47 | 6 30 11 Critical Kills . | . . . Critical Parts Destroyed . | . . . Critical Strikes . | . . . Melee Attacks . | . . . Impact . | . . . Slashing . | . . . Piercing . | . . . Sneak Attacks . | . . . Combat Hostiles . | . . . Follow-up Attacks . | . . . Damage Inflicted 2089 | 216 1330 543 Guns 955 | 216 739 . Cannons . | . . . Explosions 1092 | . 591 501 Melee . | . . . Ramming 42 | . . 42 Kinetic 955 | 216 739 . Thermal . | . . . Explosive 1092 | . 591 501 Electromagnetic . | . . . Impact . | . . . Slashing . | . . . Piercing . | . . . Highest Corruption . | . . . Average Corruption . | . . . Corruption Purged . | . . . Corruption Blocked . | . . . Overload Shots . | . . . Overflow Damage 39 | . 16 23 Projectiles . | . . . Explosions 39 | . 16 23 Melee . | . . . Knockbacks 1 | . . 1 Impact 1 | . . 1 Kinetic . | . . . Secondary . | . . . Self-Inflicted Damage 8 | . 8 . Shots 1 | . 1 . Rammed . | . . . Targets Rammed 19 | . . 19 Kicked 19 | . . 19 Crushed . | . . . Highest Temperature 102 | . 102 . Average Temperature 38 | . 38 . Received Heat Transfer 174 | . 36 138 Siege Activations . | . . . Robots Corrupted . | . . . Combat Hostiles . | . . . Parts Fried . | . . . Impact Corruptions . | . . . Robots Melted . | . . . Combat Hostiles . | . . . Parts Melted . | . . . Heat Transferred . | . . . Parts Sabotaged . | . . . Parts Stolen . | . . . Parts Stripped . | . . . Power Chain Reactions . | . . . Alert | -11 -10 -10 ------- Run | Yrd Mat Sub Peak Influence 420 | 30 420 . Initial 19 | . 19 . Average 202 | 11 224 . Maximum Alert Level 2 | . 2 . Low Security (%) 39 | 100 32 . Level 1 59 | . 66 . Level 2 1 | . 1 . Level 3 . | . . . Level 4 . | . . . Level 5 . | . . . High Security . | . . . Max Security . | . . . Squads Dispatched 1 | . 1 . Investigation . | . . . Extermination . | . . . Reinforcement 1 | . 1 . Assault . | . . . Garrison . | . . . Intercept . | . . . Searches Triggered . | . . . Construction Impeded . | . . . Haulers Reinforced . | . . . Active Scanning Responses . | . . . Cargo Convoy Interrupts . | . . . Stealth | -11 -10 -10 --------- Run | Yrd Mat Sub Distress Signals 4 | . 4 . Communications Jammed . | . . . Distress Signals . | . . . Times Spotted 29 | . 24 5 Peak Tracking Total 6 | . 6 3 Tactical Retreats 2 | . 2 . Traps | -11 -10 -10 ------- Run | Yrd Mat Sub Traps Triggered 2 | . 2 . Indirectly . | . . . Trap Hack Attempts . | . . . Triggered . | . . . Disarmed . | . . . Reprogrammed . | . . . Reused . | . . . Traps Extracted . | . . . Installed . | . . . Triggered . | . . . Machines | -11 -10 -10 ---------- Run | Yrd Mat Sub Machines Disabled 3 | . 3 . Max in Single Turn 2 | . 2 . Machines Repaired . | . . . Machines Dismantled . | . . . Machines Sabotaged . | . . . Overloaded Fab Kills . | . . . Hacking | -11 -10 -10 --------- Run | Yrd Mat Sub Machines Accessed 2 | . 2 . Terminals 2 | . 2 . Fabricators . | . . . Repair Stations . | . . . Recycling Units . | . . . Scanalyzers . | . . . Garrison Access . | . . . Total Hacks 5 | . 5 . Successful 1 | . 1 . Failed 4 | . 4 . Catastrophic . | . . . Database Lockouts . | . . . Manual 5 | . 5 . Terminals 5 | . 5 . Fabricators . | . . . Repair Stations . | . . . Recycling Units . | . . . Scanalyzers . | . . . Garrison Access . | . . . Terminal Hacks . | . . . Fabricator Hacks . | . . . Repair Station Hacks . | . . . Recycling Unit Hacks . | . . . Scanalyzer . | . . . Garrison Access Hacks . | . . . Unauthorized Hacks 1 | . 1 . Terminals 1 | . 1 . Skim 1 | . 1 . Fabricators . | . . . Repair Stations . | . . . Recycling Units . | . . . Scanalyzers . | . . . Garrison Access . | . . . Data Cores Recovered . | . . . Used . | . . . Hacking Detections 2 | . 2 . Full Trace Events . | . . . Feedback Events . | . . . Feedback Blocked . | . . . Robot Schematics Acquired . | . . . Robots Built . | . . . Authchips . | . . . Time . | . . . Total Robot Build Rating . | . . . Part Schematics Acquired . | . . . Parts Built . | . . . Authchips . | . . . Time . | . . . Total Part Build Rating . | . . . Parts Repaired . | . . . Time . | . . . Parts Recycled . | . . . Recycled Matter . | . . . Retrieved Matter . | . . . Retrieved Components . | . . . Parts Scanalyzed . | . . . Part Schematics Acquired . | . . . Parts Damaged . | . . . Bothacking | -11 -10 -10 ------------ Run | Yrd Mat Sub Used RIF Installer . | . . . Robots Hacked . | . . . Non-combat . | . . . Combat . | . . . Robot Hacks Applied . | . . . Relay Couplers Released . | . . . Fabnet Peak Effective % . | . . . Robots Rewired . | . . . Allies Hacked . | . . . Hacks Repelled . | . . . Allies | -11 -10 -10 -------- Run | Yrd Mat Sub Total Allies . | . . . Largest Group . | . . . Highest-Rated Group . | . . . Highest-Rated Ally . | . . . Total Orders . | . . . Ally Attacks . | . . . Total Damage . | . . . Kills . | . . . Allies Corrupted . | . . . Allies Melted . | . . . Intel | -11 -10 -10 ------- Run | Yrd Mat Sub Robot Analysis Total . | . . . Derelict Logs Recovered . | . . . Drone Launches . | . . . Drone Recoveries . | . . . Exploration | -11 -10 -10 ------------- Run | Yrd Mat Sub Turns Passed 1759 | 171 1435 153 Spaces Moved 877 | 86 710 81 Core 5 | 4 1 . Treads . | . . . Legs 819 | 82 709 28 Wheels 53 | . . 53 Hover . | . . . Flight . | . . . Fastest Speed 50 | 50 120 95 Average Speed 146 | 116 152 119 Slowest Speed 450 | 120 450 190 Overloaded Moves . | . . . Propulsion Burnouts . | . . . Robots Hopped . | . . . Cave-ins Triggered . | . . . Exploration Rate (%) 36 | 5 97 7 Regions Visited 2 Branch Regions 1 Pre-discovered Areas . | . . . Known Exits Taken . | . . . Unknown Exits Taken 2 | 1 1 . Scrap Searched . | . . . Spaces Dug 25 | . 25 . Terrain Destroyed 132 | . 113 19 Melee . | . . . Projectile 8 | . 8 . AOE 124 | . 105 19 Terrain Rammed . | . . . Walls Destroyed . | . . . Machines Disabled . | . . . Actions | -11 -10 -10 --------- Run | Yrd Mat Sub Total 1115 | 117 886 112 Wait 62 | . 62 . Move 875 | 85 709 81 Hop . | . . . Pick Up 15 | 8 7 . Fast Attach 10 | 6 4 . Attach 2 | . 1 1 Detach . | . . . Swap 15 | . 11 4 Drop 4 | . 4 . Fire 113 | 18 88 7 Melee . | . . . Ram . | . . . Kick 19 | . . 19 Crush . | . . . Escape Stasis . | . . . Rewire . | . . . Trap . | . . . Miscellaneous . | . . . Route ------- -11/Scrapyard -10/Materials (discovered 6 exits: [*Mat x3] / [*Min x2] / [*Sub]) -10/Subcaves History --------- Turn | Location | Event 3 | -11/Scrapyard | Discovered new exit (range 15) 172 | -11/Scrapyard | Entered Materials 309 | -10/Materials | Build established: Mutant 397 | -10/Materials | Discovered new exit (range 13) 471 | -10/Materials | Discovered new exit (range 15) 634 | -10/Materials | Discovered new exit (range 5) 1127 | -10/Materials | Discovered new exit (range 6) 1225 | -10/Materials | Discovered new exit (range 3) 1601 | -10/Materials | Discovered new exit (range 3) 1607 | -10/Materials | Entered Subcaves 1676 | -10/Subcaves | Core integrity fell below 50% 1694 | -10/Subcaves | Core integrity fell below 20% 1714 | -10/Subcaves | Lost 4 parts (1p1u2w) 1760 | -10/Subcaves | Destroyed by U6-RUG(R) with Subdweller Machine Gun Last Messages --------------- 01652_ The unstable cave ceiling collapses. 01654_ Kicked NN-THD(R). 01658_ Kicked NN-THD(R) out of the way. 01659_ Lgt. Armor Plating destroyed. 01660_ Kicked NN-THD(R). 01662_ Kicked NN-THD(R) out of the way. 01668_ Kicked NN-THD(R). 01669_ The unstable cave ceiling collapses. 01670_ Kicked NN-THD(R) out of the way. 01672_ Kicked NN-THD(R). 01679_ Kicked NN-THD(R) out of the way. 01679_ Grenade Launcher destroyed. 01681_ Kicked NN-THD(R) out of the way. 01683_ Kicked NN-THD(R). 01683_ NN-THD(R) knocked back. 01683_ Assault Rifle destroyed. 01685_ Kicked NN-THD(R). 01686_ NN-THD(R) destroyed. 01726_ Aluminum Leg destroyed. 01728_ Ion Engine destroyed. Map ----- +----------------------------------------------------+ | | | | | | | | | | | | | | | ?????????????????????????????????????????????????? | | ?????????????????????????????????????????????????? | | ?????????????????????????????????????????????????? | | ?????????????????????????????????????????????????? | | ?????????????????????????????????????????????????? | | ?????????????????????????????????????????????????? | | ?????????????????????????????????????????????????? | | ?????????????????????????????????????????????????? | | ?????????????????????????????????????????????????? | | ?????????????????????????????????????????????????? | | ?????????????????????????????????????????????????? | | ?????????????????????????????????????????????????? | | ?????????????????????????????????????????????????? | | ?????????????????????????????????????????????????? | | ?########???????????????????#????????????????????? | | ## # #?????????????????? #??#?????????????????? | | # ##?????#######?####R#? ??????????????????? | | # ### ##??### ###